 Dungeon Crawl Stone Soup version 0.29.1-13-g9f3cf754e1 (webtiles) character file.

Game seed: 15286845657485505759

92 croobank the Conjurer (level 4, -4/31 HPs)
             Began as a Demonspawn Conjurer on Feb 5, 2023.
             Slain by an orc
             ... wielding a +0 club
              (5 damage)
             ... on level 3 of the Dungeon.
             The game lasted 00:05:53 (2223 turns).

croobank the Conjurer (Demonspawn Conjurer)         Turns: 2223, Time: 00:05:53

Health: -4/31      AC:  3    Str:  7    XL:     4   Next: 35%
Magic:  5/7        EV: 12    Int: 22    God:
Gold:   101        SH:  0    Dex: 11    Spells: 2/8 levels left

rFire   . . .      SeeInvis .   j - +4 long sword (flame)
rCold   . . .      Faith    .   (no shield)
rNeg    . . .      Spirit   .   a - +0 robe
rPois   .          Reflect  .   (no helmet)
rElec   .          Harm     .   k - +0 cloak
rCorr   .          Rampage  .   (no gloves)
Will    .....                   (no boots)
Stlth   ++........              (no amulet)
HPRegen 0.10/turn               l - ring of flight
MPRegen 0.10/turn               (no ring)

@: brilliant, lethally poisoned (-4 -> -19), flying
A: hooves 1, sturdy frame 2
a: no special abilities


You were on level 3 of the Dungeon.
You visited 1 branch of the dungeon, and saw 3 of its levels.

You collected 101 gold pieces.

Inventory:

Hand Weapons
 j - a +4 long sword of flaming (weapon)
Missiles
 f - 2 poisoned darts
 q - 3 javelins
Armour
 a - a +0 robe (worn)
 k - a +0 cloak (worn)
 s - +0 fire dragon scales
Jewellery
 l - a ring of flight (left hand)
 r - a ring of ice
 u - a ring of wizardry
Scrolls
 c - a scroll of fear {unknown}
 d - a scroll of immolation {unknown}
 e - a scroll of enchant weapon {unknown}
 g - 3 scrolls of identify {unknown}
 h - 2 scrolls of amnesia {unknown}
 i - a scroll of noise {unknown}
 n - a scroll of teleportation {unknown}
 t - a scroll of poison {unknown}
 v - a scroll of brand weapon {unknown}
Potions
 b - a potion of magic
 o - a potion of degeneration {unknown}
 p - a potion of cancellation {unknown}


   Skills:
 * Level 0.6 Fighting
 * Level 0.4 Long Blades
 + Level 2.5 Dodging
 + Level 2.5 Stealth
 + Level 2.6 Spellcasting
 + Level 4.5 Conjurations


You had 2 spell levels left.
You knew the following spells:

 Your Spells              Type           Power      Damage    Failure   Level
a - Magic Dart            Conj           100%       1d8       1%          1
b - Searing Ray           Conj           68%        2d6       3%          2
c - Dazzling Flash        Conj/Hex       38%        N/A       16%         3

Your spell library contained the following spells:

 Spells                   Type           Power      Damage    Failure   Level
 Apportation              Tloc           8%         N/A       13%         1
 Necrotise                Necr           16%        1d4       13%         1
 Summon Small Mammal      Summ           16%        N/A       13%         1
 Fulminant Prism          Conj/Hex       9%         3d7       45%         4
 Iskenderun's Mystic Bla  Conj/Tloc      19%        2d6       45%         4


Dungeon Overview and Level Annotations

Branches:
Dungeon (3/15)

Altars:
Sif Muna


Innate Abilities, Weirdness & Mutations

You have large cloven feet.
Your movements are less encumbered by armour. (ER -4)


Message History

The orc is severely wounded.
The orc misses you.
An orc comes into view. It is wielding a +0 club.
You slash the orc! You burn the orc.
You kill the orc!
An orc comes into view. It is wielding a +2 dagger of venom.
The orc hits you with a +2 dagger of venom.
You are poisoned.
Things that are here:
a +0 falchion; a +0 ring mail; an orc corpse You hit the orc.
You burn the orc. Your kick misses the orc.
The orc is heavily wounded.
You feel very sick.
The orc hits you with a +2 dagger of venom.
You are more poisoned.
You barely miss the orc.
The orc is heavily wounded.
You feel very sick.
The orc hits you with a +2 dagger of venom.
You are more poisoned.
An orc comes into view. It is wielding a +0 club.
You are too injured to fight recklessly!
You are too injured to fight recklessly!
Okay, then.
Casting: Magic Dart (safe; 1% risk of failure)
Confirm with . or Enter, or press ? or * to list all spells.
Aiming: Searing Ray (safe; 3% risk of failure)
Press: ? - help, Shift-Dir - straight line, f - orc
Aim: an orc, wielding a +2 dagger of venom (heavily wounded, 78% to hit)
The searing ray hits the orc.
You kill the orc! (Press . to maintain the ray.)
* * * LOW HITPOINT WARNING * * *
You feel very sick.
It was a potion of brilliance.
You feel clever all of a sudden.
* * * LOW HITPOINT WARNING * * *
You feel very sick. The orc hits you with a +0 club.
You die...

#.#....) .## ...#
..... ... # #..#
#..##.##.## ##..##
#..........
....#####...#.##.#.
#.............##.#.
#...........####.#.
#..####.....# #.#.
#)@.....###.####.#.
#o####.?# #......).
#.o #..# #.#######
...# ........# ###.
######### ##


You could see 2 orcs.

Vanquished Creatures
  Jessica (D:1)
  2 adders (D:2)
  A worm (D:2)
  A dart slug (D:2)
  2 orcs (D:3)
  3 bats
  4 endoplasms
  A giant cockroach (D:2)
  6 goblins
  4 hobgoblins
  4 kobolds
  3 quokkas
  2 ball pythons
  A frilled lizard (D:2)
  2 rats
37 creatures vanquished.

Notes
Turn   | Place    | Note
-------+----------+-------------------------------------------
     0 | D:1      | croobank the Demonspawn Conjurer began the quest for the
                  | Orb.
     0 | D:1      | Reached XP level 1. HP: 13/13 MP: 3/3
   707 | D:1      | Gained mutation: Your movements are slightly less
                  | encumbered by armour. (ER -2) [demonic ancestry]
   707 | D:1      | Reached XP level 2. HP: 19/19 MP: 1/5
   710 | D:1      | Learned a level 2 spell: Searing Ray
   880 | D:2      | Noticed Jessica
   944 | D:1      | Killed Jessica
   945 | D:1      | Gained mutation: You have large cloven feet. [demonic
                  | ancestry]
   945 | D:1      | Reached XP level 3. HP: 8/24 MP: 0/6
  1792 | D:2      | Gained mutation: Your movements are less encumbered by
                  | armour. (ER -4) [demonic ancestry]
  1792 | D:2      | Reached XP level 4. HP: 31/31 MP: 7/7
  1916 | D:2      | Found a shimmering blue altar of Sif Muna.
  2128 | D:3      | Learned a level 3 spell: Dazzling Flash
  2223 | D:3      | HP: 1/31 [poisoned by an orc]
  2223 | D:3      | Slain by an orc

Illustrated notes

Levels and vault maps discovered:
D:1:      onia_arrival_pyramid, layout_loops_cross, serial_bayou,
          serial_bayou_pond_e, serial_bayou_shore_a, serial_bayou_pond_a,
          serial_bayou_pond_d, minmay_misc_feat_nine_boxes
D:2:      layout_rooms, basic_altar, uniq_jessica
D:3:      layout_loops_ring

Skill      XL: |  1 |
---------------+----+-----
Dodging        | 2 |  2.5
Stealth        | 2 |  2.5
Fighting       | |  0.6
Long Blades    | |  0.4
Spellcasting   | |  2.6
Conjurations   | |  4.5

Action                   |  1- 3 |  4- 6 || total
-------------------------+-------+-------++-------
Melee: Unarmed           |     4 |       ||     4
       Long sword        |     2 |    17 ||    19
       Kick              |     1 |     3 ||     4
 Cast: Magic Dart        |    30 |       ||    30
       Searing Ray       |     9 |     1 ||    10
  Use: Potion            |     1 |     1 ||     2
 Stab: Sleeping          |     1 |     1 ||     2
Armor: Robe              |     6 |     1 ||     7
Dodge: Dodged            |    16 |     7 ||    23
